 Dungeon Crawl Stone Soup version bcrawl-1.28.2 (webtiles) character file.

Game seed: 7689201523736081249

357683 pasperui the Magician (level 9, -16/79 HPs)
             Began as a Yellow Draconian Transmuter on Dec 15, 2020.
             Was a Believer of Wu Jian.
             Demolished by Joseph
             ... wielding a +0 quarterstaff
              (22 damage)
             ... on level 7 of the Dungeon on Dec 20, 2020.
             The game lasted 00:20:31 (4310 turns).

pasperui the Magician (Yellow Draconian Transmuter) Turns: 4310, Time: 00:20:32

Health: -16/79     AC: 10    Str: 16    XL:     9   Next: 14%
Magic:  20/20      EV: 12    Int: 13    God:    Wu Jian [**....]
Gold:   316        SH:  0    Dex: 12    Spells: 22/23 levels left

rFire    . . .     SeeInvis .     - Fists (13.0)
rCold    . . .     Gourm    .   (no shield)
rNeg     . . .     Faith    .   (armour unavailable)
rPois    .         Spirit   .   (helmet restricted)
rElec    .         Reflect  .   (no cloak)
rCorr    +         Harm     .   (no gloves)
MR       .....                  (no boots)
Stlth    +.........             (no amulet)
HPRegen  0.23/turn              o - +3 ring of protection (curse)
MPRegen  0.17/turn              (no ring)

@: no status effects
A: spit acid, acid resistance, unfitting armour, cold-blooded, AC +7
a: Breathe Acid, Wall Jump, Serpent's Lash, Renounce Religion


You were on level 7 of the Dungeon.
You worshipped Wu Jian.
Wu Jian was pleased with you.
You were hungry.

You visited 1 branch of the dungeon, and saw 7 of its levels.

You collected 316 gold pieces.

Inventory:

Hand Weapons
 p - a +2 dagger of venom
 q - a +2 antimagic spear
 w - a +0 hunting sling
Missiles
 a - 647 arrows
 h - 1554 sling bullets
 i - 521 bolts
 j - 1445 stones (quivered)
Jewellery
 o - a cursed +3 ring of protection (left hand)
Wands
 u - a wand of random effects (7)
 v - a wand of polymorph (9)
 x - a wand of scattershot (4)
Scrolls
 b - 3 scrolls of identify
 d - 2 scrolls of amnesia {unknown}
 l - 5 scrolls of teleportation {unknown}
 n - a scroll of remove curse {unknown}
 r - 3 scrolls of blinking {unknown}
 y - a scroll of enchant armour {unknown}
Potions
 c - a potion of lignification
 f - a potion of haste
 g - 2 potions of agility {unknown}
 k - a potion of ambrosia {unknown}
 s - a potion of curing {unknown}
Comestibles
 e - 6 rations {!d}
 t - a chunk of flesh


   Skills:
 - Level 7.1 Fighting
 - Level 1.7 Dodging
 - Level 7.0 Unarmed Combat
 * Level 7.7 Spellcasting
 - Level 2.0 Transmutations


You had 22 spell levels left.
You knew the following spells:

 Your Spells              Type           Power        Failure   Level  Hunger
a - Beastly Appendage     Tmut           ##....       6%          1    None

Your spell library contained the following spells:

 Spells                   Type           Power        Failure   Level  Hunger
 Sticks to Snakes         Tmut           ##......     10%         2    None
 Passwall                 Tmut/Erth      #.......     14%         2    None
 Spider Form              Tmut/Pois      #..          28%         3    None
 Ice Form                 Ice/Tmut       #.......     67%         4    ###....
 Blade Hands              Tmut           ##........   86%         5    #####..


Dungeon Overview and Level Annotations

Branches:
Dungeon (7/12)             Temple (0/1) D:6
   Lair: D:7-9

Altars:
Dithmenos
Fedhas
Hepliaklqana
Nemelex Xobeh
Qazlal
Sif Muna
Wu Jian
Zin

Shops:
D:4 =

Annotations:
D:5 1 runed translucent door, dscm's ghost, amateur OpAc
D:7 Joseph


Innate Abilities, Weirdness & Mutations

You can spit globs of acid.
You are resistant to acid.
Your golden yellow scales are hard. (AC +7)
You cannot fit into any form of body armour.
You are cold-blooded and may be slowed by cold attacks.


Message History

Joseph hits you with a +0 quarterstaff!
* * * LOW HITPOINT WARNING * * *
You feel much better. Joseph hits you with a +0 quarterstaff!
* * * LOW HITPOINT WARNING * * *
Unknown command.
Okay, then.
Joseph unwields a +0 quarterstaff.
Joseph wields a +0 hunting sling.
Joseph shoots a sling bullet.
The sling bullet barely misses you.
There is an open door here.
You close the door.
Joseph opens the door.
You spin and attack Joseph repeatedly.
You are feeling hungry.
You closely miss Joseph. You tail-slap Joseph.
Joseph is severely wounded.
You punch Joseph!
Joseph is almost dead.
Joseph unwields a +0 hunting sling.
Joseph wields a +0 quarterstaff.
Joseph hits you with a +0 quarterstaff!!
You die...

.......######
..
#..........####
..
#..............
..
#..............
..
#..[...........
..
#..............
..
######.........
.. ##@###### ##
#..@....#
#.......#
#.......+
##...##+#
.##### #...#
...... #.....
...... #......
...... #.......
......
##.......
......


You could see Joseph.

Vanquished Creatures
  A centaur zombie (D:6)
  A hungry ghost (D:5)
  Duvessa (D:5)
  2 orc warriors
  2 phantoms
  An ogre (D:5)
  A centaur (D:4)
  2 bullfrogs
  Dowan (D:5)
  A scorpion (D:3)
  A howler monkey (D:6)
  2 crimson imps
  A bullfrog zombie (D:7)
  2 quasits (D:5)
  A jelly (D:3)
  3 hounds
  4 orc priests
  3 orc wizards
  A bullfrog skeleton (D:5)
  Ijyb (D:5)
  An iguana (D:5)
  5 worker ants
  A hound skeleton (D:5)
  2 hound zombies
  A worker ant zombie (D:4)
  2 adders
  A shadow imp (D:5)
  2 oozes
  2 worms
  5 dart slugs
  4 leopard geckos
  14 orcs
  2 bats
  3 giant cockroaches
  7 goblins
  15 hobgoblins
  9 jackals
  A quokka (D:3)
  2 ball pythons
  4 frilled lizards
  8 kobolds
  3 rats (D:1)
  2 fungi (D:6)
128 creatures vanquished.

Notes
Turn   | Place    | Note
-------+----------+-------------------------------------------
     0 | D:1      | pasperui the Draconian Transmuter began the quest for the
                  | Orb.
     0 | D:1      | Reached XP level 1. HP: 16/16 MP: 3/3
    68 | D:1      | Reached XP level 2. HP: 14/23 MP: 3/5
   316 | D:1      | Reached XP level 3. HP: 14/28 MP: 6/6
   426 | D:2      | Found a hazy altar of Hepliaklqana.
   780 | D:2      | Found a shimmering blue altar of Sif Muna.
   838 | D:2      | Reached XP level 4. HP: 35/35 MP: 7/7
   906 | D:2      | Reached skill level 5 in Unarmed Combat
  1328 | D:3      | Found an ornate altar of the Wu Jian Council.
  1354 | D:3      | Became a worshipper of the Wu Jian Council
  1475 | D:3      | Found a glowing silver altar of Zin.
  1492 | D:3      | Reached XP level 5. HP: 27/40 MP: 8/8
  1573 | D:3      | Noticed a phantom
  1604 | D:3      | Killed a phantom
  1605 | D:3      | Reached XP level 6. HP: 39/47 MP: 9/9
  1896 | D:4      | Found Ekhulael's Jewellery Shoppe.
  2062 | D:4      | Reached * piety under Wu Jian
  2066 | D:4      | Your scales start taking on a golden yellow colour.
  2066 | D:4      | Reached XP level 7. HP: 36/59 MP: 8/10
  2265 | D:5      | Entered Level 5 of the Dungeon
  2332 | D:5      | Found a sparkling altar of Nemelex Xobeh.
  2354 | D:5      | Reached skill level 5 in Fighting
  2403 | D:5      | Noticed Dowan
  2405 | D:5      | Noticed Duvessa
  2418 | D:5      | Killed Duvessa
  2436 | D:5      | Killed Dowan
  2927 | D:5      | Found a shadowy altar of Dithmenos.
  2947 | D:5      | Found a runed translucent door.
  2948 | D:5      | Noticed dscm's ghost (amateur OpAc)
  2985 | D:5      | Noticed Ijyb
  3008 | D:5      | Killed Ijyb
  3221 | D:5      | Reached XP level 8. HP: 67/73 MP: 9/12
  3273 | D:6      | Found a staircase to the Ecumenical Temple.
  3527 | D:6      | Noticed a cyclops
  3541 | D:5      | Reached ** piety under Wu Jian
  3542 | D:5      | Reached skill level 5 in Spellcasting
  3808 | D:6      | Found a stormy altar of Qazlal.
  3852 | D:6      | Reached XP level 9. HP: 33/79 MP: 19/19
  3859 | D:6      | Found a blossoming altar of Fedhas.
  3863 | D:6      | HP: 2/79 [orc priest/divine providence (12)]
  4289 | D:7      | Noticed Joseph
  4302 | D:7      | HP: 1/79 [Joseph/+0 quarterstaff (11)]
  4310 | D:7      | Demolished by Joseph

Skill      XL: |  1  2  3  4  5  6  7  8 |
---------------+-------------------------+-----
Unarmed Combat | 4 5 6 7 |  7.0
Fighting       | 4 7 |  7.1
Spellcasting   | 7 |  7.7
Dodging        | |  1.7
Transmutations | |  2.0

Action                   |  1- 3 |  4- 6 |  7- 9 || total
-------------------------+-------+-------+-------++-------
Melee: Unarmed           |   131 |   149 |   255 ||   535
       Punch             |     6 |     5 |     7 ||    18
       Tailslap          |     7 |    11 |    28 ||    46
       Kick              |     5 |    10 |    30 ||    45
       Headbutt          |     1 |     9 |     6 ||    16
 Cast: Beastly Appendage |     9 |    13 |    19 ||    41
Invok: Whirlwind         |       |     2 |    11 ||    13
       Lunge             |       |     6 |     9 ||    15
 Abil: Breathe Acid      |       |       |     2 ||     2
  Use: Potion            |       |       |     8 ||     8
 Stab: Sleeping          |       |     1 |       ||     1
  Eat: Chunk             |     3 |     7 |    11 ||    21
       Ration            |       |       |     1 ||     1
Armor: Skin              |    31 |    29 |   128 ||   188
Dodge: Dodged            |    76 |    53 |   144 ||   273
